 BcadrenCrawl: Boulder Brew version 0.06-272-g04a409949d (webtiles) character file.

Game seed: 4025379198913873764, levelgen mode: deterministic

767 CalmDownMonkey the Cruncher (level 7, -1/41 HPs) Gargoyle Fighter. Began on Sept 1, 2022. Slain by a sewer rat (5 damage) ... on level 2 of the Dungeon. The game lasted 00:12:11 (1935 turns).

CalmDownMonkey the Cruncher (Gargoyle Fighter)      Turns: 1935, Time: 00:12:12

Health: -1/41      AC: 15    Str: 22    XL:     7 ^: 103
Magic:  7/7        EV:  8    Int:  8    God:
Gold:   96         SH:  7    Dex:  9    Spells: 6/6 levels left

rFire    . . .     Slash    +   a - +0 morningstar (protect)
rCold    . . .     Pierce   .   c - +0 heater shield
rNeg     + . .     Bludgeon +   b - +0 scale mail
rCorr    . . .     Vision   .   (no helmet)
rPois    ∞         Gourm    .   (no cloak)
rElec    +         Faith    .   o - +0 pair of gloves
MR       .....     Spirit   .   n - +0 pair of boots
HPRegen  0.23/turn Reflect  .   (no amulet)
MPRegen  0.17/turn Harm     .   (no ring)
Stlth    ..........             (no ring)

@: very slow
A: negative energy resistance 1, electricity resistance, unbreathing,
petrification resistance, rot immunity, artificial flesh, AC +3
a: no special abilities


You were on level 2 of the Dungeon.
You were not hungry.

You visited 1 branch of the dungeon, and saw 2 of its levels.

You collected 96 gold pieces.

Inventory:

Weapons
 a - a +0 morningstar of protection (weapon)
 e - a +0 hunting sling
 g - a +0 spear
 i - a +0 club Shields
 c - a +0 heater shield (shield)
 m - a +0 scutum
Armour
 b - a +0 scale mail (worn)
 n - a +0 pair of boots (worn)
 o - a +0 pair of gloves (worn)
Jewellery
 k - a cursed ring of ice {(Curse: -Vis)}
Scrolls
 j - a scroll of bless item
Potions
 d - a potion of might
 l - a potion of mutation
Comestibles
 f - 5 rations
 h - 2 chunks of flesh


   Skills:
 - Level 3.2 Fighting
 + Level 8.7 Maces & Staves
 - Level 3.2 Armour
 - Level 3.2 Shields


You had 6 spell levels left.
You didn't know any spells.
Your spell library was empty.

Dungeon Overview and Level Annotations

Branches:
Dungeon (2/8)

Altars:
Elyvilon
Makhleb
Zin
The Shining One


Innate Abilities, Weirdness & Mutations

You are resistant to torment.
Your stone body is resilient. (AC +3)
You are immune to poison.
You resist negative energy. (rN+)
You are resistant to electric shocks. (rElec)
You can survive without breathing.
You are immune to petrification.
You are immune to rotting.
Your artificial form resists hard blunt hits and is difficult to cut into. (rBludgeoning+ , rSlashing+)


Message History

You hear a splash.
The sewer rat closely misses you.
The sewer rat bites you but does no damage.
The sewer rat bites you (4).
* * * LOW HITPOINT WARNING * * *
The sewer rat bites you (1).
* * * LOW HITPOINT WARNING * * *
The sewer rat barely misses you.
Okay, then.
You bludgeon the sewer rat (26)!!
It is struck brutally!
Critical Hit!
You kill the sewer rat!
You hear a splash.
The sewer rat closely misses you.
The sewer rat bites you but does no damage.
The sewer rat bites you (1).
* * * LOW HITPOINT WARNING * * *
The sewer rat bites you but does no damage.
You block the sewer rat's attack. x2
The sewer rat bites you (5).
You die...

▒»·▒»·····»▒·▒▒·▒»»»»»···
▒▒▒·»·····▒▒»▒▒»▒»»»»»···
7▒▒···<···▒▒»▒▒»▒»»»»»···
··7▒»······▒·▒▒»▒»»»»»···
··»▒▒»··P··▒»▒▒»▒»P»»»···
···7▒▒▒··7···▒▒»▒»»»»»·▒▒
··»▒▒▒·»77P··▒▒»▒·»%····▒
···7▒▒··77P·»▒▒»▒···»»·»»
···▒▒▒▒»P77»»▒▒»▒@r»»»»▒·
··7▒ ▒▒··P▒»▒▒»▒rr»»»··»
7·▒▒ ▒▒▒»··▒▒»▒»r»»»·»»
·»▒ ▒▒▒··▒%▒»»»»»»▒▒ ▒7▒
▒··»···%·»»»»»▒ ··
▒»»▒··»▒%»»»»»»▒ 7
▒»▒▒▒»▒▒▒·»»»»»▒ · ▒» ▒▒▒
»»»»»»»▒ ·7 ▒ ▒·»»»»»▒


You could see 4 submerged sewer rats.

Vanquished Creatures
  3 slime creatures (D:2)
  3 jellies (D:2)
  2 giant cockroaches (D:1)
  5 adders (D:2)
  14 sewer rats (D:2)
  11 cinder newts
  2 oozes (D:2)
  A worm (D:2)
  5 leopard geckos (D:1)
  2 ball pythons
  6 bats
  A cinder newt skeleton (D:2)
  2 kobolds (D:1)
  A rat (D:1)
58 creatures vanquished.

Vanquished Creatures (others)
  2 giant cockroaches (D:2)
  2 sewer rats (D:2)
  A dart slug (D:1)
  A ball python (D:2)
  A ball python skeleton (D:2)
  A bat skeleton (D:2)
  An orc skeleton (D:2)
  19 bushes (D:2)
  2 giant blowflies (D:2)
  15 plants
  2 slimeheads (D:2)
  151 withered plants (D:2)
198 creatures vanquished.

Grand Total: 256 creatures vanquished

Notes
Turn   | Place    | Note
-------+----------+-------------------------------------------
     0 | D:1      | CalmDownMonkey the Gargoyle Fighter began the quest for the
                  | Orb.
     0 | D:1      | Reached XP level 1. HP: 14/14 MP: 1/1
    29 | D:1      | Reached XP level 2. HP: 16/19 MP: 2/2
    96 | D:1      | Reached skill level 3 in Maces & Staves
   175 | D:1      | Reached XP level 3. HP: 18/23 MP: 3/3
   457 | D:1      | Reached skill level 4 in Maces & Staves
   771 | D:2      | Found a glowing golden altar of the Shining One.
   771 | D:2      | Found a white marble altar of Elyvilon.
   771 | D:2      | Found a glowing silver altar of Zin.
   825 | D:2      | Reached XP level 4. HP: 19/28 MP: 4/4
  1009 | D:2      | Found a burning altar of Makhleb.
  1026 | D:2      | Reached skill level 5 in Maces & Staves
  1026 | D:2      | Reached XP level 5. HP: 20/32 MP: 5/5
  1331 | D:2      | Reached skill level 6 in Maces & Staves
  1333 | D:2      | Reached XP level 6. HP: 24/37 MP: 6/6
  1470 | D:2      | Noticed a slime creature
  1471 | D:2      | Noticed a slime creature
  1483 | D:2      | Killed a slime creature
  1483 | D:2      | Reached skill level 7 in Maces & Staves
  1486 | D:2      | Noticed a slime creature
  1497 | D:2      | Killed a slime creature
  1497 | D:2      | Reached XP level 7. HP: 24/41 MP: 7/7
  1506 | D:2      | Reached skill level 8 in Maces & Staves
  1935 | D:2      | Slain by a sewer rat

Levels and vault maps discovered:
D:1:      dpeg_arrival_rhombus, layout_loops_ring, chequers_big_river,
          portal_sewer_entry_f
D:2:      layout_sewer, good_gods_temple_1, bloody_makhleb, sewer_minmay_ubend,
          serial_forest, infiniplex_forest_end_double,
          infiniplex_forest_lined_3, infiniplex_forest_lined_2,
          infiniplex_forest_clump_diagonal, infiniplex_forest_straight_4,
          infiniplex_forest_clump_small, infiniplex_forest_lined_ring,
          infiniplex_forest_clump_curved, infiniplex_forest_clump_tiny,
          infiniplex_forest_lined_room_2, minmay_between

Skill      XL: |  1  2  3  4  5  6  7 |
---------------+----------------------+-----
Maces & Staves | 3 4 5 6 7 8 |  8.7
Fighting       | |  3.2
Armour         | |  3.2
Shields        | |  3.2

Action                   |  1- 3 |  4- 6 |  7- 9 || total
-------------------------+-------+-------+-------++-------
Melee: Morningstar       |    26 |    78 |    57 ||   161
  Use: Scroll            |     1 |       |       ||     1
  Eat: Chunk             |       |     2 |     2 ||     4
Armor: Scale mail        |    14 |    83 |    42 ||   139
Dodge: Dodged            |     6 |    16 |    10 ||    32
Block: Heater shield     |    10 |    44 |    20 ||    74
